 Dungeon Sprint DCSS version 0.30-a0-830-gfe289a77b0 (webtiles) character file.

Game seed: 1819319556740472306

264 rocky1 the Vexing (level 6, -5/76 HPs)
             Began as a Gnoll Hexslinger on Mar 1, 2023.
             Was a High Priest of Cheibriados.
             Slain by an elephant (14 damage)
             ... in the Dungeon (Sprint VII: "The Pits").
             The game lasted 00:03:44 (1113 turns).

rocky1 the Vexing (Gnoll Hexslinger)                Turns: 1113, Time: 00:03:45

Health: -5/76      AC:  2    Str: 23    XL:     6   Next: 19%
Magic:  6/14       EV: 17    Int: 27    God:    Cheibriados [*****.]
Gold:   0          SH:  0    Dex: 25    Spells: 4/15 levels left

rFire   . . .      SeeInvis .    b - +2 falchion
rCold   . . .      Faith    .    (no shield)
rNeg    . . .      Spirit   .    c - +0 robe
rPois   .          Reflect  .    (no helmet)
rElec   .          Harm     .    (no cloak)
rCorr   .          Rampage  .    (no gloves)
Will    .....      NoTele   +    (no boots) Stlth
                                 (no amulet)
HPRegen 0.32/turn                (no ring)
MPRegen 0.14/turn                (no ring)

@: berserking, very slow
A: fangs 1, strong nose, distributed training
a: Renounce Religion, Bend Time, Temporal Distortion, Slouch, Step From Time


You were in the Dungeon.
You worshipped Cheibriados.
Cheibriados was extremely pleased with you.
You visited 1 branch

Inventory:

Hand Weapons
 a - a +1 sling
 b - a +2 falchion (weapon)
 m - a +2 dagger
 o - a +2 long sword of flaming
Armour
 c - a +0 robe (worn)
 p - a +3 ring mail
Scrolls
 i - a scroll of blinking
 k - 5 scrolls of amnesia
 l - a scroll of summoning
 n - a scroll of poison
Potions
 d - 6 potions of curing
 e - 5 potions of heal wounds
 f - a potion of haste
 g - 4 potions of magic
 h - a potion of berserk rage
 j - 2 potions of invisibility


   Skills:
 + Level 5.2 Fighting
 + Level 4.4 Short Blades
 + Level 4.4 Long Blades
 + Level 4.4 Axes
 + Level 4.4 Maces & Flails
 + Level 4.4 Polearms
 + Level 4.4 Staves
 + Level 6.4 Ranged Weapons
 + Level 4.4 Throwing
 + Level 4.4 Armour
 + Level 6.4 Dodging
 + Level 4.4 Stealth
 + Level 4.4 Shields
 + Level 4.4 Unarmed Combat
 + Level 5.3 Spellcasting
 + Level 3.6 Conjurations
 + Level 6.6 Hexes
 + Level 3.6 Summonings
 + Level 3.6 Necromancy
 + Level 3.6 Translocations
 + Level 3.6 Transmutations
 + Level 3.6 Fire Magic
 + Level 3.6 Ice Magic
 + Level 3.6 Air Magic
 + Level 3.6 Earth Magic
 + Level 3.6 Poison Magic
 + Level 4.9 Invocations
 + Level 4.4 Evocations


You had 4 spell levels left.
You knew the following spells:

 Your Spells              Type           Power      Damage    Failure   Level
a - Slow                  Hex            100%       N/A       1%          1
b - Inner Flame           Hex/Fire       35%        N/A       2%          3
c - Portal Projectile     Hex/Tloc       70%        N/A       2%          3
d - Cause Fear            Hex            21%        N/A       4%          4

Your spell library contained the following spells:

 Spells                   Type           Power      Damage    Failure   Level


Dungeon Overview and Level Annotations

Branches:
Dungeon (1/1)

Altars:
Ashenzari
Cheibriados
Dithmenos
Elyvilon
Fedhas
Gozag
Hepliaklqana
Kikubaaqudgha
Makhleb
Nemelex Xobeh
Okawaru
Qazlal
Ru
Sif Muna
Trog
Uskayaw
Vehumet
Wu Jian
Xom
Yredelemnul
Zin
The Shining One
Jiyva
Lugonu


Innate Abilities, Weirdness & Mutations

You have very sharp teeth.
Your uncanny sense of smell can sniff out nearby items.
Your experience applies equally to all skills.


Message History

Confirm with . or Enter, or press ? or * to list all spells.
Aiming: Slow (safe; 1% risk of failure)
Press: ? - help, Shift-Dir - straight line, f/p - elephant
Aim: an elephant (chance to affect: 23%)
The elephant resists with almost no effort.
The elephant barely misses you. The elephant trunk-slaps you.
You feel much better. The elephant tramples you!
You hold your ground!
The elephant closely misses you.
A red film seems to cover your vision as you go berserk!
Cheibriados forces you to slow down.
You feel mighty! The elephant tramples you.
You hold your ground!
The elephant trunk-slaps you.
You slash the elephant!
The elephant is lightly wounded.
The elephant tramples you!!
You hold your ground!
The elephant trunk-slaps you.
You hit the elephant.
The elephant is moderately wounded.
The elephant closely misses you. The elephant trunk-slaps you.
You slash the elephant! You bite the elephant!
The elephant is heavily wounded.
The elephant misses you. The elephant closely misses you.
You slash the elephant!
The elephant is heavily wounded.
The elephant completely misses you. The elephant trunk-slaps you.
* * * LOW HITPOINT WARNING * * *
You slash the elephant!
The elephant is severely wounded.
The elephant closely misses you. The elephant trunk-slaps you.
* * * LOW HITPOINT WARNING * * *
You hit the elephant.
The elephant is severely wounded.
The elephant misses you. The elephant barely misses you.
You hit the elephant but do no damage.
The elephant is severely wounded.
The elephant tramples you!
* * * LOW HITPOINT WARNING * * *
You hold your ground!
The elephant trunk-slaps you but does no damage.
The elephant tramples you!
You die...

#.#........##.......#
#)###########.......#
#..#.#.## #########
#.......# ##.#.#.##
∆∆∆∆ #.......#+# ∆
##.#.#.##.+ ∆
#.......#Y# ∆
##.#.#..'@# ∆
##########


You could see an elephant.

Vanquished Creatures
  A flying skull (D)
  A scorpion (D)
  An orc wizard (D)
  An adder skeleton (D)
  3 orcs (D)
  A ball python (D)
  2 bats (D)
  3 giant cockroaches (D)
  A goblin (D)
  A kobold (D)
  A quokka (D)
  A ball python skeleton (D)
  A ball python zombie (D)
  A rat (D)
19 creatures vanquished.

Notes
Turn   | Place    | Note
-------+----------+-------------------------------------------
     0 | D        | rocky1 the Gnoll Hexslinger began the quest for the Orb.
     0 | D        | Reached XP level 1. HP: 17/17 MP: 4/4
    49 | D        | Found a bloodstained altar of Trog.
    49 | D        | Found a shimmering blue altar of Sif Muna.
    49 | D        | Found a viscous altar of Jiyva.
    49 | D        | Found a hazy altar of Hepliaklqana.
    49 | D        | Found an opulent altar of Gozag.
    50 | D        | Found a glowing golden altar of the Shining One.
    50 | D        | Found a glowing silver altar of Zin.
    50 | D        | Found a basalt altar of Yredelemnul.
    50 | D        | Found a shimmering altar of Xom.
    50 | D        | Found an ornate altar of the Wu Jian Council.
    50 | D        | Found a sacrificial altar of Ru.
    50 | D        | Found a stormy altar of Qazlal.
    50 | D        | Found an iron altar of Okawaru.
    50 | D        | Found a sparkling altar of Nemelex Xobeh.
    50 | D        | Found a burning altar of Makhleb.
    50 | D        | Found a blossoming altar of Fedhas.
    50 | D        | Found a white marble altar of Elyvilon.
    50 | D        | Found a shadowy altar of Dithmenos.
    50 | D        | Found a snail-covered altar of Cheibriados.
    53 | D        | Found a corrupted altar of Lugonu.
    53 | D        | Found a radiant altar of Vehumet.
    54 | D        | Found an ancient bone altar of Kikubaaqudgha.
    54 | D        | Found a hide-covered altar of Uskayaw.
    54 | D        | Found a broken altar of Ashenzari.
    61 | D        | Became a worshipper of Cheibriados the Contemplative
    84 | D        | Reached skill level 1 in Invocations
   102 | D        | Reached * piety under Cheibriados
   103 | D        | Reached skill level 1 in Short Blades
   103 | D        | Reached skill level 1 in Long Blades
   103 | D        | Reached skill level 1 in Axes
   103 | D        | Reached skill level 1 in Maces & Flails
   103 | D        | Reached skill level 1 in Polearms
   103 | D        | Reached skill level 1 in Staves
   103 | D        | Reached skill level 1 in Throwing
   103 | D        | Reached skill level 1 in Armour
   103 | D        | Reached skill level 1 in Stealth
   103 | D        | Reached skill level 1 in Shields
   103 | D        | Reached skill level 1 in Unarmed Combat
   103 | D        | Reached skill level 1 in Evocations
   104 | D        | Reached XP level 2. HP: 23/23 MP: 6/6
   318 | D        | Reached ** piety under Cheibriados
   319 | D        | Reached skill level 1 in Conjurations
   319 | D        | Reached skill level 1 in Summonings
   319 | D        | Reached skill level 1 in Necromancy
   319 | D        | Reached skill level 1 in Translocations
   319 | D        | Reached skill level 1 in Transmutations
   319 | D        | Reached skill level 1 in Fire Magic
   319 | D        | Reached skill level 1 in Ice Magic
   319 | D        | Reached skill level 1 in Air Magic
   319 | D        | Reached skill level 1 in Earth Magic
   319 | D        | Reached skill level 1 in Poison Magic
   322 | D        | Noticed a scorpion
   331 | D        | Killed a scorpion
   331 | D        | Reached *** piety under Cheibriados
   332 | D        | Reached skill level 5 in Ranged Weapons
   332 | D        | Reached skill level 5 in Dodging
   332 | D        | Reached XP level 3. HP: 15/30 MP: 6/8
   332 | D        | Reached XP level 4. HP: 18/37 MP: 6/9
   546 | D        | Noticed a flying skull
   555 | D        | Killed a flying skull
   556 | D        | Reached skill level 5 in Fighting
   556 | D        | Reached skill level 5 in Spellcasting
   556 | D        | Reached XP level 5. HP: 8/44 MP: 9/12
   556 | D        | Reached XP level 6. HP: 9/51 MP: 9/13
   768 | D        | Reached **** piety under Cheibriados
   780 | D        | Reached ***** piety under Cheibriados
  1078 | D        | Learned a level 3 spell: Inner Flame
  1082 | D        | Learned a level 3 spell: Portal Projectile
  1087 | D        | Learned a level 4 spell: Cause Fear
  1098 | D        | Noticed an elephant
  1113 | D        | Slain by an elephant

Illustrated notes

Levels and vault maps discovered:
D:        pitsprint [storerooms_1, entrance_room_1, metal_vault_2, armoury_2,
          mini_pit_1, grid_room_1, main_hall_1, silver_pit, the_coven_3,
          the_vestibule_1, steel_vault_1, golden_pit, hallway_of_sentries,
          crystal_vault_2, iron_vault_5, final_vault]

Skill      XL: |  1  2  3  4 |
---------------+-------------+-----
Invocations    | 1 2 4 |  4.9
Short Blades   | 1 2 4 |  4.4
Long Blades    | 1 2 4 |  4.4
Axes           | 1 2 4 |  4.4
Maces & Flails | 1 2 4 |  4.4
Polearms       | 1 2 4 |  4.4
Staves         | 1 2 4 |  4.4
Throwing       | 1 2 4 |  4.4
Armour         | 1 2 4 |  4.4
Stealth        | 1 2 4 |  4.4
Shields        | 1 2 4 |  4.4
Unarmed Combat | 1 2 4 |  4.4
Evocations     | 1 2 4 |  4.4
Spellcasting   | 3 5 |  5.3
Conjurations   | 2 3 |  3.6
Summonings     | 2 3 |  3.6
Necromancy     | 2 3 |  3.6
Translocations | 2 3 |  3.6
Transmutations | 2 3 |  3.6
Fire Magic     | 2 3 |  3.6
Ice Magic      | 2 3 |  3.6
Air Magic      | 2 3 |  3.6
Earth Magic    | 2 3 |  3.6
Poison Magic   | 2 3 |  3.6
Fighting       | 3 5 |  5.2
Ranged Weapons | 5 6 |  6.4
Dodging        | 5 6 |  6.4
Hexes          | 6 |  6.6

Action                     |  1- 3 |  4- 6 || total
---------------------------+-------+-------++-------
  Melee: Falchion          |    16 |    47 ||    63
         Bite              |     3 |     3 ||     6
         Punch             |     1 |       ||     1
   Fire: Sling             |    11 |     7 ||    18
   Cast: Slow              |     2 |    11 ||    13
         Portal Projectile |       |     1 ||     1
    Use: Potion            |       |     3 ||     3
 Armour: Robe              |     3 |     5 ||     8
  Dodge: Dodged            |    14 |    34 ||    48

Table legend: (Time is in decaauts)
 A = Elapsed time spent in this place.
 B = Non-inter-level travel time spent in this place.
 C = Inter-level travel time spent in this place.
 D = Time resting spent in this place.
 E = Time spent auto-exploring this place.
 F = Levels seen in this place.
 G = Mean time per level.
                   A        B        C        D        E       F      G
               +--------+--------+--------+--------+--------+-----+--------+
         Total |   1183 |   1157 |     26 |    823 |      0 |   1 | 1183.0 |
       Dungeon |   1183 |   1157 |     26 |    823 |      0 |   1 | 1183.0 |
               +--------+--------+--------+--------+--------+-----+--------+

Top non-repeatable levels by time:
       D: 1183 daAuts
